 Dungeon Sprint DCSS version 0.29.1-15-g9cfb28693d (webtiles) character file.

Game seed: 10142956942020499105

5 Groucho the Sneak (level 1, -4/9 HPs)
             Began as a Spriggan Earth Elementalist on Mar 25, 2023.
             Was an Initiate of Dithmenos.
             Slain by a gnoll
             ... wielding a +0 flail
              (13 damage)
             ... in the Dungeon (Sprint VII: "The Pits").
             The game lasted 00:02:33 (366 turns).

Groucho the Sneak (Spriggan Earth Elementalist)      Turns: 366, Time: 00:02:34

Health: -4/9       AC:  2    Str:  4    XL:     1   Next: 66%
Magic:  4/5        EV: 17    Int: 16    God:    Dithmenos [......]
Gold:   0          SH:  0    Dex: 15    Spells: 5/6 levels left

rFire   . . .      SeeInvis +   c - +2 dagger
rCold   . . .      Faith    .   (no shield)
rNeg    . . .      Spirit   .   a - +0 robe
rPois   .          Reflect  .   (helmet restricted)
rElec   .          Harm     .   (no cloak)
rCorr   .          Rampage  .   (gloves unavailable)
Will    .....      NoTele   +   (boots unavailable)
Stlth   +++.......              (no amulet)
HPRegen 0.03/turn               (no ring)
MPRegen 0.09/turn               (no ring)

@: very quick
A: very small, no large weapons, unfitting armour, see invisible, speed 3
a: Renounce Religion


You were in the Dungeon.
You worshipped Dithmenos.
Dithmenos was noncommittal.
You visited 1 branch

Inventory:

Hand Weapons
 c - a +2 dagger (weapon)
Missiles
 h - 10 stones
Armour
 a - a +0 robe (worn)
Scrolls
 g - a scroll of blinking
 i - 5 scrolls of amnesia
 j - a scroll of summoning
Potions
 b - 4 potions of magic
 d - 2 potions of berserk rage
 e - a potion of haste
 f - 2 potions of invisibility


   Skills:
 + Level 0.0 Short Blades
 + Level 3.3 Dodging
 + Level 3.9 Stealth
 + Level 3.2 Spellcasting
 + Level 0.0 Conjurations
 - Level 1.3 Transmutations
 * Level 3.3 Earth Magic
 + Level 0.0 Invocations


You had 5 spell levels left.
You knew the following spells:

 Your Spells              Type           Power      Damage    Failure   Level
a - Sandblast             Erth           26%        2d8       4%          1

Your spell library contained the following spells:

 Spells                   Type           Power      Damage    Failure   Level
 Passwall                 Tmut/Erth      8%         N/A       11%         2
 Stone Arrow              Conj/Erth      16%        3d8       26%         3
 Petrify                  Tmut/Erth      10%        N/A       56%         4


Dungeon Overview and Level Annotations

Branches:
Dungeon (1/1)

Altars:
Ashenzari
Cheibriados
Dithmenos
Elyvilon
Fedhas
Gozag
Hepliaklqana
Kikubaaqudgha
Makhleb
Nemelex Xobeh
Okawaru
Qazlal
Ru
Sif Muna
Trog
Uskayaw
Vehumet
Wu Jian
Xom
Yredelemnul
Zin
The Shining One
Jiyva
Lugonu


Innate Abilities, Weirdness & Mutations

You are very small and have problems with some larger weapons.
You are too small for most types of armour.
You have supernaturally acute eyesight. (SInv)
You cover ground extremely quickly. (Speed+++)


Message History

There is a viscous altar of Jiyva here.
Found three altars.
There is a hazy altar of Hepliaklqana here.
There is an opulent altar of Gozag here.
There is a blossoming altar of Fedhas here.
There is a white marble altar of Elyvilon here.
There is a shadowy altar of Dithmenos here.
There is a snail-covered altar of Cheibriados here.
There is a shadowy altar of Dithmenos here.
You kneel at the altar of Dithmenos.
Dithmenos welcomes you!
There is a white marble altar of Elyvilon here.
There is a blossoming altar of Fedhas here.
There is an opulent altar of Gozag here.
There is a hazy altar of Hepliaklqana here.
There is a viscous altar of Jiyva here.
There is a bloodstained altar of Trog here.
There is an open door to the Temple (Safe) here.
As you open the door, it creaks loudly!
A gnoll and an orc come into view.
The gnoll shouts!
The orc shouts!
Casting: Sandblast (safe; 4% risk of failure)
Confirm with . or Enter, or press ? or * to list all spells.
Aiming: Sandblast (safe; 4% risk of failure)
Press: ? - help, Shift-Dir - straight line, f - orc
Aim: an orc, wielding a +0 short sword (82% to hit)
The blast of sand hits the gnoll!
The gnoll is severely wounded.
What are your orders? t - Shout!
Orders for allies: a - Attack new target. r - Retreat! s - Stop attacking. g - Guard the area. f - Follow me.
Anything else - Cancel.
Gang up on whom?
Press: ? - help, Dir - move target, f - gnoll
Aim: a gnoll, wielding a +0 flail (heavily wounded) Attack!
The gnoll hits you with a +0 flail!
Ouch! That really hurt!
You die...

############ #_________.#
#_________.#
#_______...###########++
##########'##...........
#.?..')))'.##......#..#.
##########.##...........
.......g@.รทรท...........
+#####o#####......#..#.
... #........... ...o.
####'#####++ ###+##
#.......# #.......#
#.......# #...<...#
#.......#


You could see a gnoll and an orc.

Vanquished Creatures
  4 jackals (D)
4 creatures vanquished.

Notes
Turn   | Place    | Note
-------+----------+-------------------------------------------
     0 | D        | Groucho the Spriggan Earth Elementalist began the quest for
                  | the Orb.
     0 | D        | Reached XP level 1. HP: 9/9 MP: 5/5
   337 | D        | Found a bloodstained altar of Trog.
   337 | D        | Found a shimmering blue altar of Sif Muna.
   337 | D        | Found a viscous altar of Jiyva.
   337 | D        | Found a hazy altar of Hepliaklqana.
   337 | D        | Found an opulent altar of Gozag.
   338 | D        | Found a glowing golden altar of the Shining One.
   338 | D        | Found a glowing silver altar of Zin.
   338 | D        | Found a basalt altar of Yredelemnul.
   338 | D        | Found a shimmering altar of Xom.
   338 | D        | Found an ornate altar of the Wu Jian Council.
   338 | D        | Found a sacrificial altar of Ru.
   338 | D        | Found a stormy altar of Qazlal.
   338 | D        | Found an iron altar of Okawaru.
   338 | D        | Found a sparkling altar of Nemelex Xobeh.
   338 | D        | Found a burning altar of Makhleb.
   338 | D        | Found a blossoming altar of Fedhas.
   338 | D        | Found a white marble altar of Elyvilon.
   338 | D        | Found a shadowy altar of Dithmenos.
   338 | D        | Found a snail-covered altar of Cheibriados.
   342 | D        | Found a corrupted altar of Lugonu.
   342 | D        | Found a radiant altar of Vehumet.
   343 | D        | Found a broken altar of Ashenzari.
   343 | D        | Found an ancient bone altar of Kikubaaqudgha.
   343 | D        | Found a hide-covered altar of Uskayaw.
   350 | D        | Became a worshipper of Dithmenos the Shadowed
   366 | D        | Slain by a gnoll

Illustrated notes

Levels and vault maps discovered:
D:        pitsprint [storerooms_1, entrance_room_1, metal_vault_6, armoury_1,
          mini_pit_1, grid_room_1, main_hall_1, silver_pit, the_coven_3,
          the_vestibule_1, steel_vault_1, golden_pit, hallway_of_sentries,
          crystal_vault_6, iron_vault_1, final_vault]

Skill      XL: |  1 |
---------------+----+-----
Dodging        | 3 |  3.3
Earth Magic    | 3 |  3.3
Spellcasting   | 3 |  3.2
Stealth        | |  3.9
Transmutations | |  1.3

Action                   || total
-------------------------++-------
Melee: Unarmed           ||     2
 Cast: Sandblast         ||    12
  Use: Potion            ||     4
Armor: Robe              ||     2
Dodge: Dodged            ||    13
